AoeStats
← El pingüino

Black Forest

510422881Analyzed
3v3 RM · 1d ago on Sep 30, 2026· 14m 23s· 6 players
Game mode
Random Map
Map size
Normal (6 player)
Population
200
Speed
Normal
Resources
Standard
Victory
Conquest
Starting age
Dark Age
Ending age
Imperial Age
RankedLock teamsTeams togetherTeam positionsShared explorationLock speedFull tech treeHidden civsTurbo modeCheats
Victory
Defeat
🇮🇳 Koreans · India
1418
+16
🇨🇴 Ethiopians · Colombia
1418
+16
🇺🇸 Gurjaras · United States
1320
+20
🇦🇷 Burgundians · Argentina
1490
-20
🇦🇷 Turks · Argentina
1489
-20
🇦🇷 Byzantines · Argentina
1286
-12
RockAxe8716
10:40 Feudal Age
14:25 Castle Age
Dr.Dreamz
0:54 Loom
12:24 Feudal Age
13:19 Double-Bit Axe
13:20 Horse Collar
16:13 Castle Age
le Julianchy
0:47 Loom
11:02 Feudal Age
11:40 Man-at-Arms
Batman
0:26 Loom
12:29 Feudal Age
16:45 Castle Age
El Guason
4:51 Double-Bit Axe
11:18 Feudal Age
10:40 Horse Collar
15:17 Castle Age
13:28 Horse Collar
14:20 Bow Saw
El pingüino
3:09 Loom
Connection lost

Rejoining the realm…

Still unreachable

The connection could not be restored.

Session expired

The server has moved on; the page needs a fresh start.